 Dungeon Crawl Stone Soup version 0.30-a0-218-gedb9141078 (webtiles) character file.

Game seed: 8611503794473751052

221 lsi the Trooper (level 5, -5/39 HPs)
             Began as an Octopode Chaos Knight on Oct 5, 2022.
             Was a Follower of Qazlal.
             Killed from afar by a white imp (12 damage)
             ... with a puff of frost
             ... summoned by Xom
             ... on level 3 of the Dungeon.
             The game lasted 00:03:52 (2568 turns).

lsi the Trooper (Octopode Chaos Knight)             Turns: 2568, Time: 00:03:52

Health: -5/39      AC:  1    Str: 12      XL:     5   Next: 98%
Magic:  5/5        EV: 13    Int: 16      God:    Qazlal [*.....]
Gold:   142        SH:  2    Dex:  9 (11) Spells: 4/4 levels left

rFire   . . .      SeeInvis .    a - +0 spear (chaos)
rCold   . . .      Faith    .    (no shield)
rNeg    . . .      Spirit   .    (helmet restricted)
rPois   .          Reflect  .    (no amulet)
rElec   .          Harm     .    (no ring)
rCorr   .          Rampage  .    (no ring)
Will    .....                    (no ring)
Stlth   ++........               (no ring)
HPRegen 0.26/turn                (no ring)
MPRegen 0.09/turn                (no ring)
                                 (no ring)
                                 (no ring)

@: no status effects
A: almost no armour, amphibious, 8 rings, camouflage 1, gelatinous body 1,
(nimble swimmer 1), tentacles
a: Renounce Religion


You were on level 3 of the Dungeon.
You worshipped Qazlal.
Qazlal was aware of your devotion.
You visited 1 branch of the dungeon, and saw 3 of its levels.

You collected 142 gold pieces.

Inventory:

Hand Weapons
 a - a +0 spear of chaos (weapon)
 m - a +0 war axe
 p - a +2 dagger of flaming
Missiles
 g - 2 throwing nets {!f}
Jewellery
 n - a ring of positive energy
Wands
 q - a wand of flame (17)
Scrolls
 f - 3 scrolls of identify {unknown}
 h - a scroll of poison {unknown}
 i - a scroll of enchant armour {unknown}
 k - a scroll of butterflies {unknown}
 l - 2 scrolls of teleportation {unknown}
 r - a scroll of enchant weapon {unknown}
Potions
 c - a potion of brilliance {unknown}
 d - a potion of berserk rage {unknown}
 e - a potion of resistance {unknown}
 j - a potion of heal wounds {unknown}
 o - a potion of might {unknown}
Miscellaneous
 b - a piece from Xom's chessboard (15/15) (quivered)


   Skills:
 * Level 5.5 Fighting
 - Level 3.0 Polearms
 + Level 3.9 Dodging
 + Level 0.5 Evocations


You had 4 spell levels left.
You didn't know any spells.
Your spell library contained the following spells:

 Spells                   Type           Power      Damage    Failure   Level
 Necrotise                Necr           0%         1d4       26%         1
 Slow                     Hex            0%         N/A       26%         1
 Confusing Touch          Hex            0%         N/A       58%         3
 Ozocubu's Armour         Ice            0%         N/A       58%         3
 Vampiric Draining        Necr           0%         2d6       58%         3
 Agony                    Necr           0%         N/A       100%        5
 Ozocubu's Refrigeration  Ice            0%         4d7       100%        7


Dungeon Overview and Level Annotations

Branches:
Dungeon (3/15)

Altars:
Elyvilon
Qazlal
Ru
Vehumet


Innate Abilities, Weirdness & Mutations

You cannot wear most types of armour.
You are amphibious.
You can wear up to eight rings at the same time.
Your skin changes colour to match your surroundings (Stealth+).
Your rubbery body absorbs attacks. (AC +1, EV +1)
((You are camouflaged when in or above water. (Stealth+)))
You have tentacles for arms and can constrict up to eight enemies at once.


Message History

The quasit barely misses you. You block the quasit's attack.
You hit the shadow imp but do no damage.
You constrict the shadow imp.
The white imp is engulfed in freezing vapours.
The white imp misses you. The crimson imp misses you. The shadow imp hits you.
The quasit bites you.
You feel clumsy. The quasit claws you.
The quasit claws you but does no damage.
You hit the shadow imp.
You kill the shadow imp!
The shadow imp disappears in a puff of smoke!
The quasit closely misses you. The quasit claws you.
The quasit barely misses you. You block the crimson imp's attack.
The white imp closely misses you.
You barely miss the white imp. You grab the white imp.
You constrict the white imp, but do no damage.
The quasit completely misses you. The quasit barely misses you.
The quasit claws you but does no damage.
The white imp hits you. The white imp freezes you. The crimson imp hits you.
The quasit bites you. The quasit barely misses you. The quasit misses you.
You hit the white imp but do no damage. Your squeeze misses the white imp.
You constrict the white imp, but do no damage.
The crimson imp closely misses you. The white imp gestures at you.
The puff of frost hits you! The quasit bites you.
* * * LOW HITPOINT WARNING * * *
The quasit claws you.
* * * LOW HITPOINT WARNING * * *
You feel clumsy. The quasit claws you.
* * * LOW HITPOINT WARNING * * *
You hit the white imp. You burn the white imp.
You constrict the white imp, but do no damage.
The quasit misses you. The quasit claws you.
* * * LOW HITPOINT WARNING * * *
The quasit barely misses you. The white imp gestures at you.
The puff of frost hits you!
You die...

......##...#...###
...........#...#
....†.##...#...#
......#....#.#.########
.##.#.# #........#
....#.# ........#
.####.# #555...# .# #.#
#55###.# .# #.#
#@55.#.## ## .# #.#
#5##....##### #. .. #.#
#.##........# ##. ..
#.# #.##.#....#.####..
.< #..#.#....#.##....
##.#.####.#....##.
.#.......>.####.
.#####..#.## #. .#
#..#.#####.


You could see an iron imp (summoned), a quasit (summoned), a crimson imp
(summoned), 2 white imps, 2 shadow imps and an ufetubus (summoned).

Vanquished Creatures
  A hound (D:3)
  2 orc priests (D:3)
  An orc wizard (D:3)
  3 gnolls (D:2)
  A worm (D:3)
  3 dart slugs (D:1)
  7 orcs (D:3)
  4 endoplasms
  3 giant cockroaches
  A goblin (D:1)
  3 hobgoblins (D:1)
  2 jackals (D:1)
  7 kobolds
  2 quokkas (D:1)
  11 ball pythons
  3 bats (D:1)
  4 frilled lizards
  3 rats
61 creatures vanquished.

Vanquished Creatures (collateral kills)
  A gnoll (D:2)
1 creature vanquished.

Vanquished Creatures (others)
  A butterfly (D:3)
1 creature vanquished.

Grand Total: 63 creatures vanquished

Notes
Turn   | Place    | Note
-------+----------+-------------------------------------------
     0 | D:1      | lsi the Octopode Chaos Knight began the quest for the Orb.
     0 | D:1      | Reached XP level 1. HP: 16/16 MP: 1/1
    89 | D:1      | XOM: divination: detect creatures
   104 | D:1      | XOM: butterfly on damage
   107 | D:1      | XOM: potion effect (might)
   117 | D:1      | Reached XP level 2. HP: 9/21 MP: 2/2
   301 | D:1      | Found a faded altar of an unknown god.
   396 | D:1      | Reached XP level 3. HP: 27/27 MP: 3/3
   449 | D:1      | You fall into a shaft and drop 1 floor!
   531 | D:2      | Reached skill level 4 in Fighting
   539 | D:2      | XOM: cast spell 'Leda's Liquefaction'
   634 | D:2      | Reached XP level 4. HP: 33/33 MP: 4/4
   667 | D:2      | XOM: draining
   723 | D:2      | XOM: 2-stop teleportation journey
  1560 | D:1      | Prayed at the altar of an unknown god.
  1560 | D:1      | Fell from the grace of Xom
  1560 | D:1      | Became a worshipper of Qazlal Stormbringer
  1560 | D:1      | Reached * piety under Qazlal
  1711 | D:3      | Reached skill level 5 in Fighting
  1711 | D:3      | Reached XP level 5. HP: 14/39 MP: 5/5
  1932 | D:3      | Found a sacrificial altar of Ru.
  1987 | D:3      | XOM: 4-stop teleportation journey
  2048 | D:3      | Found a radiant altar of Vehumet.
  2352 | D:3      | XOM: summons 2 hostile shadow creatures
  2484 | D:3      | Found a white marble altar of Elyvilon.
  2560 | D:3      | XOM: summons 9 hostile demons
  2568 | D:3      | Killed from afar by a white imp

Illustrated notes

Levels and vault maps discovered:
D:1:      lemuel_arrival_room, layout_basic, shapermc_ecumenical_altar_pompeii,
          serial_forest, infiniplex_forest_straight_2,
          infiniplex_forest_side_room, infiniplex_forest_side_room,
          infiniplex_forest_end_3, infiniplex_forest_lined_3,
          infiniplex_forest_clump_C, infiniplex_forest_clump_small,
          infiniplex_forest_clump_tiny, infiniplex_forest_straight_5,
          infiniplex_forest_straight_1, wad_floor_pattern_untrapped
D:2:      layout_basic
D:3:      layout_basic, nicolae_elyvilon_peaceful_grove,
          mainiacjoe_overflow_large_starburst

Skill      XL: |  1  2  3  4 |
---------------+-------------+-----
Fighting       | 4 5 |  5.5
Dodging        | 3 |  3.9
Polearms       | |  3.0
Evocations     | |  0.5

Action                   |  1- 3 |  4- 6 || total
-------------------------+-------+-------++-------
Melee: Spear             |    54 |   109 ||   163
       Constrict         |    10 |    19 ||    29
       Tentacles         |     8 |    14 ||    22
 Stab: Sleeping          |     4 |     4 ||     8
Armor: Skin              |     5 |     7 ||    12
Dodge: Dodged            |    17 |    54 ||    71
Block: Other             |       |     6 ||     6

Table legend: (Time is in decaauts)
 A = Elapsed time spent in this place.
 B = Non-inter-level travel time spent in this place.
 C = Inter-level travel time spent in this place.
 D = Time resting spent in this place.
 E = Time spent auto-exploring this place.
 F = Levels seen in this place.
 G = Mean time per level.
                   A        B        C        D        E       F      G
               +--------+--------+--------+--------+--------+-----+--------+
         Total |   2561 |   2469 |     92 |    327 |   1616 |   3 |  853.7 |
       Dungeon |   2561 |   2469 |     92 |    327 |   1616 |   3 |  853.7 |
               +--------+--------+--------+--------+--------+-----+--------+

Top non-repeatable levels by time:
     D:3: 945 daAuts
     D:1: 889 daAuts
     D:2: 726 daAuts
